 Dungeon Crawl Stone Soup version 0.21.1-1-g345015f (webtiles) character file.

41 Opti87 the Magician (level 3, -5/19 HPs)
             Began as a Deep Elf Wizard on May 17, 2018.
             Killed from afar by a white imp (9 damage)
             ... with a puff of frost
             ... summoned by Natasha
             ... on level 2 of the Dungeon.
             The game lasted 00:11:36 (1674 turns).

Opti87 the Magician (Deep Elf Wizard)               Turns: 1674, Time: 00:11:36

Health: -5/19      AC:  3    Str:  4    XL:     3   Next: 32%
Magic:  1/11       EV: 13    Int: 23    God:
Gold:   48         SH:  0    Dex: 13    Spells: 4/11 levels left

rFire    . . .     SeeInvis .   f - +0 dagger
rCold    . . .     Gourm    .   (no shield)
rNeg     . . .     Faith    .   a - +0 robe
rPois    .         Spirit   .   b - +0 hat
rElec    .         Reflect  .   h - +0 cloak
rCorr    .         Harm     .   (no gloves)
MR       .....                  (no boots)
Stlth    ++........             (no amulet)
HPRegen  0.06/turn              (no ring)
MPRegen  0.12/turn              (no ring)

@: slowed, very slow
A: no striking features
a: no special abilities


You were on level 2 of the Dungeon.
You were not hungry.

You visited 1 branch of the dungeon, and saw 2 of its levels.

You collected 48 gold pieces.

Inventory:

Hand Weapons
 f - a +0 dagger (weapon)
 p - a +0 whip
Missiles
 e - 142 stones (quivered)
Armour
 a - a +0 robe (worn)
 b - a +0 hat (worn)
 h - a +0 cloak (worn)
Jewellery
 o - an uncursed ring of see invisible {unknown}
Scrolls
 g - a scroll of noise {unknown}
 i - a scroll of teleportation {unknown}
 j - a scroll of fear {unknown}
 k - a scroll of enchant armour {unknown}
Potions
 l - a potion of berserk rage {unknown}
 m - a potion of heal wounds {unknown}
 n - a potion of curing {unknown}
Books
 c - a book of Minor Magic

   Spells                             Type                      Level
   a - Magic Dart                     Conjuration                  1
   b - Blink                          Translocation                2
   c - Call Imp                       Summoning                    2
   d - Slow                           Hexes                        2
   e - Conjure Flame                  Conjuration/Fire             3
   f - Mephitic Cloud                 Conjuration/Poison/Air       3
Comestibles
 d - 3 rations


   Skills:
 + Level 0.7 Short Blades
 + Level 3.0 Dodging
 + Level 3.1 Stealth
 + Level 4.8 Spellcasting
 + Level 1.9 Conjurations
 - Level 1.1 Summonings
 - Level 1.1 Translocations


You had 4 spell levels left.
You knew the following spells:

 Your Spells              Type           Power        Failure   Level  Hunger
a - Magic Dart            Conj           ##..         4%          1    None
b - Blink                 Tloc           N/A          9%          2    None
c - Call Imp              Summ           ##......     9%          2    None
d - Slow                  Hex            #.......     14%         2    None


Dungeon Overview and Level Annotations

Branches:
Dungeon (2/15)

Altars:
Cheibriados

Annotations:
D:2 Natasha


Message History

Natasha casts a spell.
Your crimson imp hits Natasha.
Your crimson imp blinks!
Natasha misses your crimson imp.
Your crimson imp closely misses Natasha.
Natasha barely misses you.
Your crimson imp closely misses Natasha.
Your crimson imp closely misses the crimson imp.
Natasha claws you but does no damage.
Your crimson imp hits Natasha.
Natasha closely misses you.
Your crimson imp blinks!
The white imp misses your crimson imp. The crimson imp misses you.
Casting: Blink
Confirm with . or Enter, or press ? or * to list all spells.
You blink.
Your crimson imp barely misses Natasha.
Natasha casts a spell at you.
You feel yourself slow down. The white imp gestures at you.
The puff of frost hits you!
You die...

#.# #.#######.######.
#.########.# #........
#........#.##########.###.
########.#......... # ##
#.....######## ####
##.....######## #...
#.............# #.##
#§555...#####.# # #
#..h.@5.......# #
#.##§....####.# #
#.##..........> #
#.##.....####.# #
#........# ## #.####.†##
.#. #.# #..# .. #.# #.?#
..# #..#


You could see Natasha, a crimson imp, a white imp and 2 friendly crimson imps.

Vanquished Creatures
  A gnoll (D:1)
  4 bats
  2 giant cockroaches (D:1)
  A goblin (D:1)
  A hobgoblin (D:1)
  3 frilled lizards
  3 kobolds
  A rat (D:1)
16 creatures vanquished.

Vanquished Creatures (collateral kills)
  Natasha (D:2)
  2 goblins
  A bat (D:2)
  A kobold (D:1)
5 creatures vanquished.

Grand Total: 21 creatures vanquished

Notes
Turn   | Place    | Note
-------+----------+-------------------------------------------
     0 | D:1      | Opti87 the Deep Elf Wizard began the quest for the Orb.
     0 | D:1      | Reached XP level 1. HP: 10/10 MP: 7/7
   276 | D:1      | Reached XP level 2. HP: 15/15 MP: 7/9
   745 | D:1      | Learned a level 2 spell: Blink
   748 | D:1      | Learned a level 2 spell: Call Imp
   751 | D:1      | Learned a level 2 spell: Slow
  1225 | D:2      | Noticed Natasha
  1233 | D:2      | Killed Natasha
  1233 | D:2      | Reached XP level 3. HP: 13/19 MP: 3/11
  1352 | D:2      | Found a snail-covered altar of Cheibriados.
  1655 | D:2      | Noticed Natasha
  1674 | D:2      | Killed from afar by a white imp

Skill      XL: |  1  2 |
---------------+-------+-----
Stealth        | 3 |  3.1
Dodging        | 3 |  3.0
Short Blades   | |  0.7
Spellcasting   | |  4.8
Conjurations   | |  1.9
Summonings     | |  1.1
Translocations | |  1.1

Action                   || total
-------------------------++-------
Melee: Dagger            ||    42
Throw: Stone             ||    42
 Cast: Magic Dart        ||    29
       Call Imp          ||    10
       Blink             ||     3
  Eat: Chunk             ||     2
Armor: Robe              ||    39
Dodge: Dodged            ||    92
